 Dungeon Crawl Stone Soup version 0.25.0-37-gb73750e0fb (webtiles) character file.

Game seed: 5228899813711243993

28 Ethylacetat the Ducker (level 2, 0/22 HPs)
             Began as a Demonspawn Gladiator on July 8, 2020.
             Succumbed to an adder's poison
             ... on level 2 of the Dungeon.
             The game lasted 00:01:21 (1076 turns).

Ethylacetat the Ducker (Demonspawn Gladiator)       Turns: 1076, Time: 00:01:21

Health: 0/22       AC:  4    Str: 13 (14) XL:     2   Next: 96%
Magic:  2/2        EV: 13    Int:  7 (9)  God:
Gold:   79         SH:  0    Dex: 13 (14) Spells: 1/1 levels left

rFire    + . .     SeeInvis .   a - +0 trident
rCold    . . .     Gourm    .   (no shield)
rNeg     . . .     Faith    .   b - +0 leather armour
rPois    .         Spirit   .   c - +0 helmet
rElec    .         Reflect  .   (no cloak)
rCorr    .         Harm     .   (no gloves)
MR       .....                  (no boots)
Stlth    +.........             (no amulet)
HPRegen  0.07/turn              k - ring of protection from fire
MPRegen  0.08/turn              (no ring)

@: lethally poisoned (0 -> -16)
A: powered by death 1
a: no special abilities


You were on level 2 of the Dungeon.
You were not hungry.

You visited 1 branch of the dungeon, and saw 2 of its levels.

You collected 79 gold pieces.

Inventory:

Hand Weapons
 a - a +0 trident (weapon)
Missiles
 d - 3 throwing nets (quivered)
Armour
 b - a +0 leather armour (worn)
 c - a +0 helmet (worn)
Jewellery
 k - a ring of protection from fire (left hand)
Scrolls
 g - 2 scrolls of remove curse {unknown}
 h - 3 scrolls of identify {unknown}
 j - 2 scrolls of teleportation {unknown}
 l - a scroll of blinking {unknown}
Potions
 e - a potion of degeneration
Comestibles
 f - 6 rations
 m - a chunk of flesh


   Skills:
 + Level 2.1 Fighting
 + Level 3.1 Polearms
 + Level 1.8 Throwing
 + Level 0.1 Armour
 + Level 3.1 Dodging
 + Level 0.6 Stealth


You had one spell level left.
You didn't know any spells.
Your spell library was empty.

Dungeon Overview and Level Annotations

Branches:
Dungeon (2/15)

Altars:
Xom


Innate Abilities, Weirdness & Mutations

You regenerate a little health from kills.


Message History

It was a potion of degeneration.
There was something very wrong with that liquid.
You feel weakened.
You feel dopey.
You feel clumsy.
You feel sick. The adder bites you.
* * * LOW HITPOINT WARNING * * *
It was a potion of magic.
Magic courses through your body.
* * * LOW HITPOINT WARNING * * *
You feel sick. The adder closely misses you.
You hit the adder.
The adder is almost dead.
* * * LOW HITPOINT WARNING * * *
You feel sick. The adder bites you.
* * * LOW HITPOINT WARNING * * *
You are more poisoned.
The adder poisons you! The adder bites you but does no damage.
Unknown command.
Unknown command.
You hit the adder.
You kill the adder!
You die...

###..#.. .....#.#
### ##...#.#######
#.. #...#........
...
##...#.#########.#
.......>.........#
##....#.###### #.#
#.##.#.# #†#
#.##.#.# #@#
#.##.#÷# #.#
##'##.#.########.#
......#..........#
......############
.....)'.......
......########
..)...# ......####


There were no monsters in sight!

Vanquished Creatures
  An adder (D:2)
  A dart slug (D:1)
  A leopard gecko (D:1)
  2 giant cockroaches (D:1)
  6 hobgoblins
  2 frilled lizards
  2 rats (D:1)
15 creatures vanquished.

Notes
Turn   | Place    | Note
-------+----------+-------------------------------------------
     0 | D:1      | Ethylacetat the Demonspawn Gladiator began the quest for
                  | the Orb.
     0 | D:1      | Reached XP level 1. HP: 16/16 MP: 1/1
   299 | D:1      | Gained mutation: You regenerate a little health from kills.
                  | [demonic ancestry]
   299 | D:1      | Reached XP level 2. HP: 22/22 MP: 2/2
   956 | D:2      | Found a shimmering altar of Xom.
  1076 | D:2      | Succumbed to an adder's poison

Illustrated notes

Levels and vault maps discovered:
D:1:      nzn_arrival_depleted_hourglass, layout_loops_ring, serial_forest,
          infiniplex_forest_clump_tiny, infiniplex_forest_clump_tiny,
          infiniplex_forest_clump_double, infiniplex_forest_clump_medium,
          infiniplex_forest_side_room
D:2:      layout_basic, xom_teletrap_fun, uniq_crazy_yiuf_cottage

Skill      XL: |  1  2 |
---------------+-------+-----
Dodging        | 3 |  3.1
Polearms       | 3 |  3.1
Fighting       | |  2.1
Throwing       | |  1.8
Armour         | |  0.1
Stealth        | |  0.6

Action                   || total
-------------------------++-------
Melee: Trident           ||    44
  Use: Potion            ||     2
 Stab: Sleeping          ||     2
Armor: Leather armour    ||     6
Dodge: Dodged            ||    15
